 Dungeon Crawl Stone Soup version 0.31.0-11-ge490571c62 (webtiles) character file.

Game seed: 10084382529854371368

9 browni3141 the Cudgeller (level 2, -1/28 HPs)
             Began as a Naga Monk on Feb 1, 2024.
             Slain by a ribbon worm (8 damage)
             ... on level 2 of the Dungeon.
             The game lasted 00:00:22 (40 turns).

browni3141 the Cudgeller (Naga Monk)                  Turns: 40, Time: 00:00:23

Health: -1/28      AC:  1    Str: 13    XL:     2   Next: 16%
Magic:  2/2        EV: 10    Int: 10    God:
Gold:   0          SH:  0    Dex: 13    Spells: 1/1 levels left

rFire   . . .        a - +0 mace
rCold   . . .        d - orb {light}
rNeg    . . .        b - +0 robe
rPois   +            (no helmet)
rElec   .            (no cloak)
rCorr   .            (no gloves)
SInv    +            (no barding)
Will    .....        (no amulet)
Stlth   +            (no ring)
HPRegen 0.24/turn    (no ring)
MPRegen 0.08/turn

%: no passive effects
@: short of breath, glowing, very slow
A: AC +0, large, see invisible, deformed body, poison resistance, slowness 2,
spit poison 1, naga tail 1
a: Spit Poison


You were on level 2 of the Dungeon.
You visited 1 branch of the dungeon, and saw 2 of its levels.

Inventory:

Hand Weapons
 a - a +0 mace (weapon)
Armour
 b - a +0 robe (worn)
 d - an orb of light (worn)
Potions
 c - a potion of ambrosia
 e - 2 potions of magic {unknown}


   Skills:
 + Level 3.2 Fighting
 + Level 3.2 Maces & Flails
 + Level 2.6 Dodging


You had one spell level left.
You didn't know any spells.
Your spell library was empty.

Dungeon Overview and Level Annotations

Branches:
Dungeon (2/15)

Altars:


Innate Abilities, Weirdness & Mutations

Your serpentine skin is tough. (AC +0)
You have supernaturally acute eyesight. (SInv)
Armour fits poorly on your strangely shaped body.
Your system is resistant to poisons. (rPois)
You cover ground very slowly.
You can spit poison.
You have a snake-like lower body.


Message History

Welcome, browni3141 the Naga Monk.
A smirking vizier told you that the Orb of Zot is just within this dungeon.
Press ? for a list of commands and other information.
Found 4 stones, a grey potion and 6 gold pieces.
Found two escape hatches in the floor.
Found a staircase leading out of the dungeon.
Setting a skill training target for Axes at 18.0.
Setting a skill training target for Invocations at 14.0.
Setting a skill training target for Throwing at 11.0.
There is a dry fountain here.
There is a dry fountain here.
e - a grey potion
There are no items here.
There is an escape hatch in the floor here.
Autopickup is now off.
You slide downwards.
The hatch slams shut behind you.
You see here a grey potion.
e - 2 grey potions (gained 1)
An adder comes into view.
The adder moves out of view.
A ribbon worm and a ball python come into view.
The ball python hisses angrily.
The ball python bites you.
You barely miss the ball python.
The ball python bites you but does no damage.
You hit the ball python.
You kill the ball python!
You fail to use your ability.
The adder barely misses you.
Aiming: Spit Poison (3% risk of failure)
Press: ? - help, Q - select action Shift-Dir - straight line, f/p - adder
Aim: an adder (haloed, 57% to hit)
The splash of poison hits the adder.
The adder is poisoned.
The adder is moderately wounded.
The adder closely misses you. The adder bites you.
You barely miss the adder.
The adder is moderately wounded.
The adder barely misses you.
You hit the adder.
You kill the adder!
You have reached level 2!
You hit the ribbon worm.
The ribbon worm is moderately wounded.
The ribbon worm bites you.
You hit the ribbon worm.
The ribbon worm is heavily wounded.
You have got your breath back.
The ribbon worm bites you!
You hit the ribbon worm.
The ribbon worm is severely wounded.
The ribbon worm bites you.
Aiming: Spit Poison (2% risk of failure)
Press: ? - help, Q - select action Shift-Dir - straight line, f - ribbon worm
Aim: a ribbon worm (heavily wounded, haloed, 92% to hit)
The splash of poison hits the ribbon worm.
The ribbon worm is poisoned.
The ribbon worm is almost dead.
The ribbon worm expels a string of sticky webbing.
The stream of webbing hits you but does no damage.
You are caught in a web!
You struggle to detach yourself from the web.
The ribbon worm bites you.
The web tears apart.
The ribbon worm barely misses you.
The ribbon worm expels a string of sticky webbing.
The stream of webbing hits you but does no damage.
You are caught in a web!
There is a web here.
The web tears apart.
The ribbon worm looks more healthy.
You have got your breath back.
The ribbon worm expels a string of sticky webbing.
The stream of webbing hits you but does no damage.
You are caught in a web!
There is a web here.
Aiming: Spit Poison (2% risk of failure)
Press: ? - help, Q - select action Shift-Dir - straight line, f/p - ribbon worm
Aim: a ribbon worm (severely wounded, haloed, 92% to hit)
The splash of poison hits the ribbon worm.
The ribbon worm is almost dead.
The web tears apart.
A rat comes into view.
The rat squeaks loudly.
The ribbon worm bites you!
You die...

#####.#.#..##
#.....##.88.
#.# ....88. #.#
#.# ..# # #.#
#.# #.###.#
#.###.###.....#
#..........####
######.#w..#
#.@.### #.###
#.# #.# #.# #.#
#r ..


You could see a ribbon worm and a rat.

Vanquished Creatures
  An adder (D:2)
  A ball python (D:2)
2 creatures vanquished.

Notes
Turn   | Place    | Note
-------+----------+-------------------------------------------
     0 | D:1      | browni3141 the Naga Monk began the quest for the Orb.
     0 | D:1      | Reached XP level 1. HP: 21/21 MP: 1/1
    29 | D:2      | Reached XP level 2. HP: 27/28 MP: 2/2
    40 | D:2      | Slain by a ribbon worm

Illustrated notes

Levels and vault maps discovered:
D:1:      dpeg_arrival_leaves_temple_mockup, layout_basic, dk_noncrumbling_4
D:2:      layout_basic, minmay_heptomino_o4

Action                     || total
---------------------------++-------
  Melee: Mace              ||     7
Ability: Spit Poison       ||     3
 Armour: Robe              ||     8
  Dodge: Dodged            ||     4
